TOP OF THE 1ST |
Los Angeles Dodgers batting - Pitching for San Diego Padres : LHP Danny Arizola
|
Pitching: LHP Danny Arizola
|
|
Batting: RHB Billy Sample
|
0-0: Ball 1-0: Ball 2-0: Called Strike 2-1: Ball 3-1: Foul Ball, location: 2F 3-2: Foul Ball, location: 2F 3-2: Ground out 5-3 (Groundball, 56, EV 100.0 MPH)
|
Batting: RHB Carney Lansford
|
0-0: Swinging Strike 0-1: Ball 1-1: Foul Ball, location: 2F 1-2: Foul Ball, location: 2F 1-2: Strikes out swinging
|
Batting: RHB Dick Davis
|
0-0: Called Strike 0-1: Ball 1-1: SINGLE (Line Drive, 4MD, EV 93.8 MPH)
|
Batting: RHB Jerry Keller
|
0-0: Ball 1-0: Ball 2-0: Ball 3-0: Base on Balls Dick Davis to second
|
Batting: RHB Gary Gaetti
|
0-0: Ball 1-0: Foul Ball, location: 2F 1-1: Foul Ball, location: 2F 1-2: Foul Ball, location: 2F 1-2: Strikes out swinging
|
Top of the 1st over - 0 runs, 1 hit, 0 errors, 2 left on base; Los Angeles 0 - San Diego 0 |
BOTTOM OF THE 1ST |
San Diego Padres batting - Pitching for Los Angeles Dodgers : LHP Dave Righetti
|
Pitching: LHP Dave Righetti
|
|
Batting: RHB Bob Dernier
|
0-0: Ball 1-0: Ball 2-0: Fly out, F7 (Line Drive, 7, EV 95.0 MPH)
|
Batting: RHB Heriberto Soltero
|
0-0: Foul Ball, location: 2F 0-1: Ball 1-1: Ball 2-1: Swinging Strike 2-2: Fly out, F9 (Flyball, 89M, EV 88.8 MPH)
|
Batting: RHB Dennis Dungy
|
0-0: Ball 1-0: Foul Ball, location: 2F 1-1: Reached on error, E2 (Groundball, 15S, EV 71.9 MPH)
|
Batting: RHB Joel Youngblood
|
0-0: Called Strike 0-1: Swinging Strike 0-2: Strikes out swinging
|
Bottom of the 1st over - 0 runs, 0 hits, 1 error, 1 left on base; Los Angeles 0 - San Diego 0 |
TOP OF THE 2ND |
Los Angeles Dodgers batting - Pitching for San Diego Padres : LHP Danny Arizola
|
Batting: RHB Toby Harrah
|
0-0: Ball 1-0: Ball 2-0: Ball 3-0: Called Strike 3-1: Base on Balls
|
Batting: SHB Chris W Smith
|
0-0: Foul Ball, location: 2F 0-1: Ball 1-1: Foul Ball, location: 2F 1-2: Grounds into double play, 6-4-3 (Groundball, 56, EV 88.8 MPH)
|
Batting: RHB Roberto Reyes
|
0-0: Called Strike 0-1: Ground out 4-3 (Groundball, 34, EV 100.6 MPH)
|
Top of the 2nd over - 0 runs, 0 hits, 0 errors, 0 left on base; Los Angeles 0 - San Diego 0 |
BOTTOM OF THE 2ND |
San Diego Padres batting - Pitching for Los Angeles Dodgers : LHP Dave Righetti
|
Batting: LHB Tom Dunbar
|
0-0: Ball 1-0: Foul Ball, location: 2F 1-1: Ball 2-1: Swinging Strike 2-2: Foul Ball, location: 2F 2-2: Strikes out swinging
|
Batting: RHB Eddy Martinez
|
0-0: Ground out U3 (Groundball, 34, EV 90.6 MPH)
|
Batting: LHB Jerry McDonald
|
0-0: Ball 1-0: Foul Ball, location: 2F 1-1: Ball 2-1: Swinging Strike 2-2: Ball 3-2: Foul Ball, location: 2F 3-2: Foul Ball, location: 2F 3-2: Foul Ball, location: 2F 3-2: Ground out 5-3 (Groundball, 56S, EV 83.8 MPH)
|
Bottom of the 2nd over - 0 runs, 0 hits, 0 errors, 0 left on base; Los Angeles 0 - San Diego 0 |
TOP OF THE 3RD |
Los Angeles Dodgers batting - Pitching for San Diego Padres : LHP Danny Arizola
|
Batting: LHB Dave Righetti
|
0-0: Ball 1-0: Swinging Strike 1-1: Ball 2-1: Foul Ball, location: 2F 2-2: Strikes out swinging
|
Batting: RHB Billy Sample
|
0-0: Ball 1-0: Foul Ball, location: 2F 1-1: Ball 2-1: Ball 3-1: Base on Balls
|
Pinch Hitting: RHB Mike Shelton
|
0-0: Ball Billy Sample is caught stealing 2nd base 2-4 1-0: Called Strike 1-1: Ball 2-1: Ball 3-1: Foul Ball, location: 2F 3-2: Strikes out swinging
|
Top of the 3rd over - 0 runs, 0 hits, 0 errors, 0 left on base; Los Angeles 0 - San Diego 0 |
BOTTOM OF THE 3RD |
San Diego Padres batting - Pitching for Los Angeles Dodgers : LHP Dave Righetti
|
Now at 3B: Mike Shelton
|
|
Batting: LHB Jeffrey Zitek
|
0-0: Ball 1-0: Called Strike 1-1: Ground out U3 (Groundball, 3, EV 88.8 MPH)
|
Batting: LHB Danny Arizola
|
0-0: Ball 1-0: Called Strike 1-1: Fly out, F6 (Flyball, 6D, EV 70.6 MPH)
|
Batting: RHB Bob Dernier
|
0-0: Ball 1-0: Ball 2-0: SINGLE (Line Drive, 3D, EV 106.3 MPH)
|
Batting: RHB Heriberto Soltero
|
0-0: Called Strike 0-1: Ball 1-1: Ball 2-1: Swinging Strike 2-2: Ground out 4-3 (Groundball, 4, EV 85.6 MPH)
|
Bottom of the 3rd over - 0 runs, 1 hit, 0 errors, 1 left on base; Los Angeles 0 - San Diego 0 |
TOP OF THE 4TH |
Los Angeles Dodgers batting - Pitching for San Diego Padres : LHP Danny Arizola
|
Batting: RHB Dick Davis
|
0-0: Ball 1-0: Ball 2-0: Fly out, F4 (Line Drive, 4, EV 61.9 MPH)
|
Batting: RHB Jerry Keller
|
0-0: Foul Ball, location: 2F 0-1: Ground out 5-3 (Groundball, 5S, EV 65.6 MPH)
|
Batting: RHB Gary Gaetti
|
0-0: Hit by Pitch
|
Batting: RHB Toby Harrah
|
0-0: Ball Gary Gaetti steals 2nd base 1-0: Fly out, F8 (Flyball, 8LS, EV 78.1 MPH)
|
Top of the 4th over - 0 runs, 0 hits, 0 errors, 1 left on base; Los Angeles 0 - San Diego 0 |
BOTTOM OF THE 4TH |
San Diego Padres batting - Pitching for Los Angeles Dodgers : LHP Dave Righetti
|
Batting: RHB Dennis Dungy
|
0-0: Ball 1-0: Ball 2-0: Called Strike 2-1: Ball 3-1: Foul Ball, location: 2F 3-2: Base on Balls
|
Batting: RHB Joel Youngblood
|
0-0: Ball 1-0: Called Strike 1-1: Called Strike 1-2: Strikes out swinging
|
Batting: LHB Tom Dunbar
|
0-0: Ball 1-0: Ball 2-0: Swinging Strike 2-1: Foul Ball, location: 2F 2-2: Strikes out swinging
|
Batting: RHB Eddy Martinez
|
0-0: Called Strike 0-1: Ball 1-1: Ball 2-1: SINGLE (Flyball, 8RS, EV 93.1 MPH) Dennis Dungy to second Runner from 2nd tries for 3rd, SAFE, throw by CF made to third
|
Batting: LHB Jerry McDonald
|
0-0: Called Strike 0-1: Called Strike 0-2: Foul Ball, location: 2F 0-2: Strikes out swinging
|
Bottom of the 4th over - 0 runs, 1 hit, 0 errors, 2 left on base; Los Angeles 0 - San Diego 0 |
TOP OF THE 5TH |
Los Angeles Dodgers batting - Pitching for San Diego Padres : LHP Danny Arizola
|
Batting: SHB Chris W Smith
|
0-0: Called Strike 0-1: Called Strike 0-2: Ground out 4-3 (Groundball, 4, EV 102.5 MPH)
|
Batting: RHB Roberto Reyes
|
0-0: Called Strike 0-1: Ball 1-1: Ground out 6-3 (Groundball, 6, EV 82.5 MPH)
|
Batting: LHB Dave Righetti
|
0-0: Called Strike 0-1: Fly out, F8 (Flyball, 78D, EV 96.9 MPH)
|
Top of the 5th over - 0 runs, 0 hits, 0 errors, 0 left on base; Los Angeles 0 - San Diego 0 |
BOTTOM OF THE 5TH |
San Diego Padres batting - Pitching for Los Angeles Dodgers : LHP Dave Righetti
|
Batting: LHB Jeffrey Zitek
|
0-0: Called Strike 0-1: Foul Ball, location: 2F 0-2: Ball 1-2: Ground out U3 (Groundball, 3, EV 85.6 MPH)
|
Batting: LHB Danny Arizola
|
0-0: Ball 1-0: Ball 2-0: Called Strike 2-1: Ground out 6-3 (Groundball, 6, EV 75.6 MPH)
|
Batting: RHB Bob Dernier
|
0-0: Called Strike 0-1: Ball 1-1: Ball 2-1: SINGLE (Groundball, 4D, EV 103.1 MPH)
|
Batting: RHB Heriberto Soltero
|
0-0: Ball 1-0: Foul Ball, location: 2F 1-1: Ball 2-1: Ball 3-1: Called Strike 3-2: Foul Ball, location: 2F 3-2: SINGLE (Groundball, 34D, EV 109.4 MPH) Bob Dernier to second Bob Dernier to third
|
Batting: RHB Dennis Dungy
|
0-0: Foul Ball, location: 2F 0-1: Foul Ball, location: 2F 0-2: Ball 1-2: Foul Ball, location: 2F 1-2: Foul Ball, location: 2F 1-2: Ball 2-2: Ball 3-2: Fly out, F9 (Flyball, 9D, EV 89.4 MPH)
|
Bottom of the 5th over - 0 runs, 2 hits, 0 errors, 2 left on base; Los Angeles 0 - San Diego 0 |
TOP OF THE 6TH |
Los Angeles Dodgers batting - Pitching for San Diego Padres : LHP Danny Arizola
|
Batting: RHB Billy Sample
|
0-0: Ball 1-0: Ball 2-0: Bunt missed! 2-1: Ball 3-1: Called Strike 3-2: Ground out 4-3 (Groundball, 4, EV 90.6 MPH)
|
Batting: RHB Mike Shelton
|
0-0: Ball 1-0: Called Strike 1-1: Ground out 6-3 (Groundball, 6, EV 100.0 MPH)
|
Batting: RHB Dick Davis
|
0-0: Called Strike 0-1: Called Strike 0-2: Ball 1-2: Strikes out swinging
|
Top of the 6th over - 0 runs, 0 hits, 0 errors, 0 left on base; Los Angeles 0 - San Diego 0 |
BOTTOM OF THE 6TH |
San Diego Padres batting - Pitching for Los Angeles Dodgers : LHP Dave Righetti
|
Batting: RHB Joel Youngblood
|
0-0: Fly out, F3 (Popup, 3F, EV 66.9 MPH)
|
Batting: LHB Tom Dunbar
|
0-0: Ball 1-0: Ball 2-0: Called Strike 2-1: Swinging Strike 2-2: Ball 3-2: Foul Ball, location: 2F 3-2: Base on Balls
|
Batting: RHB Eddy Martinez
|
0-0: Ball Tom Dunbar is caught stealing 2nd base 2-4 1-0: Called Strike 1-1: Foul Ball, location: 2F 1-2: Fly out, F3 (Popup, 3SF, EV 80.6 MPH)
|
Bottom of the 6th over - 0 runs, 0 hits, 0 errors, 0 left on base; Los Angeles 0 - San Diego 0 |
TOP OF THE 7TH |
Los Angeles Dodgers batting - Pitching for San Diego Padres : LHP Danny Arizola
|
Batting: RHB Jerry Keller
|
0-0: Foul Ball, location: 2F 0-1: Foul Ball, location: 2F 0-2: SINGLE (Groundball, 56D, EV 105.6 MPH)
|
Batting: RHB Gary Gaetti
|
0-0: Ball 1-0: Called Strike 1-1: Ball 2-1: Fly out, F7 (Flyball, 7LS, EV 77.5 MPH)
|
Batting: RHB Toby Harrah
|
0-0: Called Strike 0-1: Ball 1-1: Foul Ball, location: 2F 1-2: Fly out, F9 (Flyball, 9LM, EV 96.3 MPH)
|
Batting: SHB Chris W Smith
|
0-0: Ball 1-0: Swinging Strike 1-1: Swinging Strike 1-2: Strikes out swinging
|
Top of the 7th over - 0 runs, 1 hit, 0 errors, 1 left on base; Los Angeles 0 - San Diego 0 |
BOTTOM OF THE 7TH |
San Diego Padres batting - Pitching for Los Angeles Dodgers : LHP Dave Righetti
|
Batting: LHB Jerry McDonald
|
0-0: SINGLE (Groundball, P, EV 86.3 MPH) (infield hit)
|
Batting: LHB Jeffrey Zitek
|
0-0: Called Strike 0-1: Ball 1-1: Ball 2-1: Ball 3-1: Called Strike 3-2: Strikes out looking
|
Batting: LHB Danny Arizola
|
0-0: Bunted foul 0-1: Bunted foul 0-2: Ball 1-2: Sac Bunt to 23 - play at first, batter OUT! 3-4 Jerry McDonald to second
|
Batting: RHB Bob Dernier
|
0-0: Swinging Strike 0-1: Swinging Strike 0-2: Reached on error, E6 (Groundball, 6, EV 81.3 MPH) Jerry McDonald to third
|
Batting: RHB Heriberto Soltero
|
0-0: Ball 1-0: Ball 2-0: Called Strike 2-1: Hit by Pitch Bob Dernier to second
|
Batting: RHB Dennis Dungy
|
0-0: Called Strike 0-1: Ball 1-1: Foul Ball, location: 2F 1-2: Fly out, F5 (Popup, 6S, EV 75.6 MPH)
|
Bottom of the 7th over - 0 runs, 1 hit, 1 error, 3 left on base; Los Angeles 0 - San Diego 0 |
TOP OF THE 8TH |
Los Angeles Dodgers batting - Pitching for San Diego Padres : LHP Danny Arizola
|
Batting: RHB Roberto Reyes
|
0-0: Ball 1-0: Called Strike 1-1: Foul Ball, location: 2F 1-2: Ball 2-2: Ball 3-2: Base on Balls
|
Batting: LHB Dave Righetti
|
0-0: Ball 1-0: Bunted foul 1-1: Reached on error, E1 (Groundball, 15S, EV 43.8 MPH) Roberto Reyes to second
|
Batting: RHB Billy Sample
|
0-0: Ball 1-0: Foul Ball, location: 2F 1-1: 3-RUN HOME RUN (Line Drive, 7D, EV 104.4 MPH), Distance : 409 ft
|
Batting: RHB Mike Shelton
|
0-0: Ground out 6-3 (Groundball, 6, EV 101.9 MPH)
|
Batting: RHB Dick Davis
|
0-0: Called Strike 0-1: Foul Ball, location: 2F 0-2: Fly out, F7 (Flyball, 78D, EV 102.5 MPH)
|
Batting: RHB Jerry Keller
|
0-0: Ball 1-0: Ball 2-0: Ball 3-0: Base on Balls
|
Batting: RHB Gary Gaetti
|
0-0: Foul Ball, location: 2F 0-1: Ball 1-1: Ball 2-1: 2-RUN HOME RUN (Flyball, 9D, EV 98.8 MPH), Distance : 380 ft
|
Pitching: RHP Luis Gutierrez
|
|
Batting: RHB Toby Harrah
|
0-0: Called Strike 0-1: Foul Ball, location: 2F 0-2: Ball 1-2: Fly out, F8 (Flyball, 8LS, EV 90.0 MPH)
|
Top of the 8th over - 5 runs, 2 hits, 1 error, 0 left on base; Los Angeles 5 - San Diego 0 |
BOTTOM OF THE 8TH |
San Diego Padres batting - Pitching for Los Angeles Dodgers : LHP Dave Righetti
|
Batting: RHB Joel Youngblood
|
0-0: DOUBLE (Flyball, 8RXD, EV 97.5 MPH)
|
Batting: LHB Tom Dunbar
|
0-0: SINGLE (Groundball, 6MS, EV 74.4 MPH) (infield hit) Joel Youngblood to third
|
Batting: RHB Eddy Martinez
|
0-0: Ball 1-0: Foul Ball, location: 2F 1-1: Fly out, F8 (Flyball, 89M, EV 86.9 MPH)
|
Batting: LHB Jerry McDonald
|
0-0: Ball 1-0: Grounds into double play, 4-6-3 (Groundball, 4, EV 98.8 MPH)
|
Bottom of the 8th over - 0 runs, 2 hits, 0 errors, 1 left on base; Los Angeles 5 - San Diego 0 |
TOP OF THE 9TH |
Los Angeles Dodgers batting - Pitching for San Diego Padres : RHP Luis Gutierrez
|
Batting: SHB Chris W Smith
|
0-0: Ball 1-0: Ball 2-0: Swinging Strike 2-1: Ball 3-1: Fly out, F4 (Popup, 4M, EV 58.1 MPH)
|
Batting: RHB Roberto Reyes
|
0-0: Called Strike 0-1: Swinging Strike 0-2: Ground out 5-3 (Groundball, 56, EV 83.8 MPH)
|
Batting: LHB Dave Righetti
|
0-0: Called Strike 0-1: Called Strike 0-2: Strikes out looking
|
Top of the 9th over - 0 runs, 0 hits, 0 errors, 0 left on base; Los Angeles 5 - San Diego 0 |
BOTTOM OF THE 9TH |
San Diego Padres batting - Pitching for Los Angeles Dodgers : LHP Dave Righetti
|
Batting: LHB Jeffrey Zitek
|
0-0: Ball 1-0: Swinging Strike 1-1: Foul Ball, location: 2F 1-2: Ball 2-2: SINGLE (Groundball, 34D, EV 94.4 MPH)
|
Pinch Hitting: RHB Dave Edler
|
0-0: Foul Ball, location: 2F 0-1: Foul Ball, location: 2F 0-2: Fly out, F7 (Flyball, 7S, EV 97.5 MPH)
|
Batting: RHB Bob Dernier
|
0-0: Grounds into double play, 5-4-3 (Groundball, 5S, EV 86.3 MPH)
|
Bottom of the 9th over - 0 runs, 1 hit, 0 errors, 0 left on base; Los Angeles 5 - San Diego 0 |
|